 Dungeon Crawl Stone Soup version 0.27-a0-1136-g0b992a5a9d (webtiles) character file.

Game seed: 6055780499813255832

51 kae the Skirmisher (level 3, -2/33 HPs)
             Began as a Hill Orc Fighter on May 4, 2021.
             Slain by an orc priest
             ... wielding a +0 war axe
              (3 damage)
             ... on level 3 of the Dungeon.
             The game lasted 00:02:03 (2006 turns).

kae the Skirmisher (Hill Orc Fighter)               Turns: 2006, Time: 00:02:04

Health: -2/33      AC:  7    Str: 19    XL:     3   Next: 81%
Magic:  3/3        EV:  7    Int:  8    God:
Gold:   55         SH:  9    Dex: 10    Spells: 2/2 levels left

rFire    . . .     SeeInvis .   a - +0 war axe
rCold    . . .     Faith    .   c - +0 kite shield
rNeg     . . .     Spirit   .   b - +0 scale mail
rPois    .         Reflect  .   (no helmet)
rElec    .         Harm     .   (no cloak)
rCorr    .         Rampage  .   (no gloves)
Will     .....                  (no boots)
Stlth    ..........             (no amulet)
HPRegen  0.11/turn              (no ring)
MPRegen  0.08/turn              (no ring)

@: no status effects
A: no striking features
a: Convert to Beogh


You were on level 3 of the Dungeon.
You visited 1 branch of the dungeon, and saw 3 of its levels.

You collected 55 gold pieces.

Inventory:

Hand Weapons
 a - a +0 war axe (weapon)
Armour
 b - a +0 scale mail (worn)
 c - a +0 kite shield (worn)
Scrolls
 e - 2 scrolls of immolation
 h - a scroll of fear
Potions
 d - a potion of might
 g - a potion of invisibility
 i - a potion of ambrosia {unknown}
 j - 2 potions of curing {unknown}
 l - a potion of haste {unknown}


   Skills:
 + Level 4.2 Fighting
 + Level 3.4 Axes
 + Level 3.8 Armour
 + Level 3.8 Shields


You had 2 spell levels left.
You didn't know any spells.
Your spell library contained the following spells:

 Spells                   Type           Power      Damage    Failure   Level
 Summon Small Mammal      Summ           0%         N/A       99%         1
 Call Imp                 Summ           0%         N/A       100%        2
 Call Canine Familiar     Summ           0%         N/A       100%        3
 Confusing Touch          Hex            0%         N/A       100%        3
 Gell's Gravitas          Tloc           0%         N/A       100%        3
 Summon Guardian Golem    Hex/Summ       0%         N/A       100%        3
 Petrify                  Tmut/Erth      0%         N/A       100%        4
 Summon Ice Beast         Ice/Summ       0%         N/A       100%        4
 Summon Lightning Spire   Summ/Air       0%         N/A       100%        4
 Metabolic Englaciation   Hex/Ice        0%         N/A       100%        5
 Yara's Violent Unravell  Hex/Tmut       0%         3d3       100%        5


Dungeon Overview and Level Annotations

Branches:
Dungeon (3/15)

Altars:


Message History

The ball python constricts you.
Your scale mail prevents you from hitting the ball python.
The ball python bites you but does no damage.
The ball python constricts you. You block the ball python's attack.
The ball python constricts you.
You slash the ball python!
You kill the ball python!
You slash the orc!
You kill the orc!
You block the orc's attack.
You hit the orc.
The orc is heavily wounded.
The orc priest threatens, "By the altar or by the axe, you will meet Beogh!"
You block the orc's attack.
You hit the orc but do no damage.
The orc is heavily wounded.
The orc priest threatens, "By the altar or by the axe, you will meet Beogh!"
You block the orc's attack. x2
You hit the orc.
You kill the orc!
The orc priest hits you with a +0 war axe!
You barely miss the orc priest.
The orc priest looks satisfied for a moment.
The orc priest mumbles some strange prayers to Beogh against you.
Pain shoots through your body!
* * * LOW HITPOINT WARNING * * *
You hit the orc priest.
The orc priest is lightly wounded.
The orc priest closely misses you.
You closely miss the orc priest.
The orc priest shouts, "Surrender to Beogh and we'll let you live!"
The orc priest is lightly wounded.
You block the orc priest's attack.
The orc priest hits you with a +0 war axe.
* * * LOW HITPOINT WARNING * * *
The orc priest threatens, "By the altar or by the axe, you will meet Beogh!"
You slash the orc priest!
The orc priest is almost dead.
The orc priest hits you with a +0 war axe.
You die...

# #
#######################
o.).....o.o............
##############o........
#.##################
#.# #..........
#.########.#########
#.o@........#
#.########### ###


You could see an orc priest.

Vanquished Creatures
  A worm (D:2)
  2 orcs (D:3)
  3 ball pythons
  7 endoplasms
  3 goblins
  A hobgoblin (D:2)
  8 jackals
  A quokka (D:2)
  2 bats
  2 frilled lizards (D:2)
  6 kobolds
  2 rats
38 creatures vanquished.

Notes
Turn   | Place    | Note
-------+----------+-------------------------------------------
     0 | D:1      | kae the Hill Orc Fighter began the quest for the Orb.
     0 | D:1      | Reached XP level 1. HP: 19/19 MP: 1/1
   228 | D:1      | Found a faded altar of an unknown god.
   713 | D:1      | Reached XP level 2. HP: 27/27 MP: 2/2
  1401 | D:2      | Reached skill level 4 in Fighting
  1416 | D:2      | Reached XP level 3. HP: 32/33 MP: 3/3
  2005 | D:3      | HP: 1/33 [orc priest/+0 war axe (6)]
  2006 | D:3      | Slain by an orc priest

Illustrated notes

Levels and vault maps discovered:
D:1:      grunt_arrival_crossed_arrows, layout_loops_ring,
          ebering_ecumenical_altar_box, hangedman_decor_slide_cut
D:2:      minmay_diamond_boxcup, layout_basic, chequers_serial_rivers_micro_d
D:3:      layout_basic, item_on_display_a

Skill      XL: |  1  2 |
---------------+-------+-----
Axes           | 3 |  3.4
Fighting       | 4 |  4.2
Armour         | |  3.8
Shields        | |  3.8

Action                   || total
-------------------------++-------
Melee: War axe           ||    99
  Use: Scroll            ||     5
Armor: Scale mail        ||    44
Dodge: Dodged            ||    33
Block: Kite shield       ||    58

Table legend: (Time is in decaauts)
 A = Elapsed time spent in this place.
 B = Non-inter-level travel time spent in this place.
 C = Inter-level travel time spent in this place.
 D = Time resting spent in this place.
 E = Time spent auto-exploring this place.
 F = Levels seen in this place.
 G = Mean time per level.
                   A        B        C        D        E       F      G
               +--------+--------+--------+--------+--------+-----+--------+
         Total |   2062 |   2000 |     62 |      0 |   1720 |   3 |  687.3 |
       Dungeon |   2062 |   2000 |     62 |      0 |   1720 |   3 |  687.3 |
               +--------+--------+--------+--------+--------+-----+--------+

Top non-repeatable levels by time:
     D:1: 1009 daAuts
     D:2: 907 daAuts
     D:3: 145 daAuts
